 Dungeon Crawl Stone Soup version 0.21-a0-150-gc243083 (webtiles) character file.

686 AverageBear the Cutter (level 7, 0/40 HPs)
             Began as a Deep Elf Fighter on July 28, 2017.
             Was a Follower of Ashenzari.
             Slain by a troll zombie (12 damage)
             ... in an ossuary.
             The game lasted 00:09:25 (5505 turns).

AverageBear the Cutter (Deep Elf Fighter)           Turns: 5505, Time: 00:09:25

Health: 0/40       AC: 10    Str: 14 (15) XL:     7   Next: 35%
Magic:  9/9        EV:  9    Int: 11 (13) God:    Ashenzari [*.....]
Gold:   169        SH:  8    Dex: 14 (16) Spells: 6/6 levels left

rFire    . . .     SeeInvis .   a - +0 rapier
rCold    . . .     Gourm    .   c - +0 shield
rNeg     . . .     Faith    .   b - +0 scale mail
rPois    .         Spirit   .   d - +0 helmet (curse)
rElec    .         Reflect  .   (no cloak)
rCorr    .         Harm     .   (no gloves)
MR       .....                  p - +1 pair of boots (curse)
Stlth    ..........             (no amulet)
HPRegen  0.13/turn              n - +2 ring of dexterity
MPRegen  0.11/turn              (no ring)

@: no status effects
A: no striking features
a: Curse Item, Scrying, Renounce Religion


You were in an ossuary.
You worshipped Ashenzari.
Ashenzari was aware of your devotion.
You were not hungry.

You visited 1 branch of the dungeon, and saw 4 of its levels.
You also visited: Ossuary.

You collected 169 gold pieces.

Inventory:

Hand Weapons
 a - a +0 rapier (weapon)
Armour
 b - a +0 scale mail (worn)
 c - a +0 shield (worn)
 d - a cursed +0 helmet (worn)
 p - a cursed +1 pair of boots (worn)
Jewellery
 n - a +2 ring of dexterity (left hand)
 r - an uncursed amulet of faith
Wands
 e - a wand of flame (12/48)
Scrolls
 g - 2 scrolls of immolation
 i - 2 scrolls of teleportation
 j - a scroll of fog
 k - 3 scrolls of remove curse
Potions
 l - a potion of agility
 o - a potion of brilliance
 t - a potion of lignification {unknown}
 x - 2 potions of mutation {unknown}
 z - a potion of magic {unknown}
 A - a potion of curing
Comestibles
 f - 3 bread rations
 h - 3 royal jellies
 m - 2 fruits
 s - a meat ration


   Skills:
 - Level 2.4 Fighting
 - Level 6.2 Short Blades
 + Level 3.1 Armour
 - Level 5.7 Dodging
 - Level 2.4 Shields


You had 6 spell levels left.
You didn't know any spells.

Dungeon Overview and Level Annotations

Branches:
Dungeon (4/15)
 Temple: D:4-7

Altars:
Ashenzari
Fedhas
Kikubaaqudgha
Makhleb


Message History

You open the door.
There is an open door here.
You close the door.
There is an open door here.
You close the door.
You start resting.
There is an open door here.
There is an open door here.
You barely miss the troll zombie.
The troll zombie is heavily damaged.
The troll zombie bites you.
The troll zombie claws you but does no damage. x2
You puncture the troll zombie!
The troll zombie is severely damaged.
You block the troll zombie's attack. The troll zombie claws you! x2
* * * LOW HITPOINT WARNING * * *
You hit the troll zombie.
The troll zombie is severely damaged.
The troll zombie bites you!
You die...

#..# ####......#...
#..# #.............
#..' #.............
#..#.#.............
#..#.'.............
#..########....∩...
#..'.#.............
#..#.#.............
#.@#.'.............
#.Z###.............
#..'.####......#...
#..#.#.........#...
#..#.#....#....#...
#..###....#....#...
#..+.#....#....#...
#..#.#+######+##+##
#..#...#...#...#...


You could see a troll zombie.

Vanquished Creatures
  The ghost of AverageBear the Cutter, an amateur DEFi (D:4)
  The ghost of AverageBear the Cutter, an amateur DEFi (D:3)
  A troll zombie (Ossuary)
  A centaur zombie (Ossuary)
  An orc priest (D:4)
  Terence (D:3)
  2 ogre zombies (Ossuary)
  7 mummies (Ossuary)
  Robin (D:3)
  6 adders
  An ooze (D:4)
  2 adder zombies (Ossuary)
  3 worms (D:2)
  A dart slug (D:1)
  A leopard gecko (D:3)
  10 orcs
  7 giant cockroaches
  17 goblins
  7 hobgoblins
  3 jackals (D:3)
  A quokka (D:2)
  2 ball pythons
  12 bats
  2 frilled lizards
  4 goblin zombies (Ossuary)
  6 hobgoblin zombies (Ossuary)
  A jackal skeleton (D:4)
  12 kobolds
  4 kobold zombies (Ossuary)
  5 quokka zombies (Ossuary)
  6 rats
  4 rat zombies (Ossuary)
133 creatures vanquished.

Notes
Turn   | Place    | Note
-------+----------+-------------------------------------------
     0 | D:1      | AverageBear the Deep Elf Fighter began the quest for the Orb.
     0 | D:1      | Reached XP level 1. HP: 13/13 MP: 3/3
   251 | D:1      | Reached XP level 2. HP: 18/18 MP: 4/4
   370 | D:1      | Reached skill level 3 in Short Blades
   817 | D:2      | Found a shattered altar of Ashenzari.
   819 | D:2      | Reached XP level 3. HP: 22/22 MP: 5/5
   825 | D:2      | Became a worshipper of Ashenzari the Shackled
  1516 | D:2      | Reached skill level 4 in Short Blades
  1727 | D:2      | Reached XP level 4. HP: 11/27 MP: 6/6
  1755 | D:2      | HP: 1/27 [poisoned by an adder]
  2387 | D:3      | Noticed Terence
  2395 | D:3      | Killed Terence
  2436 | D:3      | Reached skill level 5 in Short Blades
  2518 | D:3      | Noticed AverageBear's ghost (amateur DEFi)
  2528 | D:3      | Killed AverageBear's ghost
  2528 | D:3      | Reached skill level 6 in Short Blades
  2528 | D:3      | Reached XP level 5. HP: 28/31 MP: 7/7
  2733 | D:3      | Reached skill level 1 in Dodging
  2828 | D:3      | Found a faded altar of an unknown god.
  2828 | D:3      | Found a blossoming altar of Fedhas.
  2833 | D:3      | Found a burning altar of Makhleb.
  2835 | D:3      | Found a faded altar of an unknown god.
  2837 | D:3      | Found an ancient bone altar of Kikubaaqudgha.
  3114 | D:3      | Reached XP level 6. HP: 34/36 MP: 8/8
  3186 | D:3      | Noticed Robin
  3222 | D:3      | Killed Robin
  3488 | D:4      | Reached * piety under Ashenzari
  3537 | D:4      | Noticed AverageBear's ghost (amateur DEFi)
  3612 | D:4      | Killed AverageBear's ghost
  3623 | D:4      | Found a sand-covered staircase.
  3629 | Ossuary  | Entered an ossuary
  3886 | Ossuary  | Reached skill level 5 in Dodging
  3886 | Ossuary  | Reached XP level 7. HP: 19/40 MP: 9/9
  5505 | Ossuary  | Slain by a troll zombie

Vault maps used:
D:1:      dpeg_arrival_rooms_b
D:2:      evilmike_ruin_ashenzari, first_bread, serial_bayou_pond_c,
          guppyfry_early_orc_mine
D:3:      chequers_temple_overflow_minitemple, grunt_ministairs_12,
          minivault_25, uniq_terence, uniq_robin
D:4:      kennysheep_spiral_hall, gup_ossuary_entry_pyramid,
          palyth_stone_intersect, kennysheep_okawaru_gauntlet
Ossuary:  ossuary_boxes_badplayer

Skill      XL: |  1  2  3  4  5  6  7 |
---------------+----------------------+-----
Short Blades   | 3 4 6 |  6.2
Dodging        | 1 5 |  5.7
Armour         | 3 |  3.1
Fighting       | |  2.4
Shields        | |  2.4

Action                   |  1- 3 |  4- 6 |  7- 9 || total
-------------------------+-------+-------+-------++-------
Melee: Rapier            |   140 |   236 |   166 ||   542
Invok: Curse Item        |       |     1 |     1 ||     2
  Use: Scroll            |     4 |     2 |     4 ||    10
       Potion            |     3 |     6 |     1 ||    10
 Stab: Invisible         |       |     2 |       ||     2
  Eat: Chunk             |     3 |     6 |       ||     9
       Meat ration       |       |       |     1 ||     1
       Royal jelly       |       |       |     1 ||     1
Armor: Scale mail        |    50 |    98 |    51 ||   199
Dodge: Dodged            |    29 |    76 |    70 ||   175
Block: Shield            |    67 |   117 |    65 ||   249
